 Dungeon Crawl Stone Soup version 0.23-a0-612-gcb482e9 (webtiles) character file.

7578 MisterFreud the Spear-Bearer (level 11, -3/81 HPs)
             Began as a Naga Fire Elementalist on Dec 21, 2018.
             Was a Follower of Cheibriados.
             Slain by an orange demon (6 damage)
             ... on level 10 of the Dungeon.
             The game lasted 00:39:54 (11745 turns).

MisterFreud the Spear-Bearer (NaFE)                Turns: 11745, Time: 00:39:55

Health: -3/81      AC:  6    Str: 15    XL:     11   Next: 17%
Magic:  10/26      EV:  1    Int: 19    God:    Cheibriados [*.....]
Gold:   420        SH:  0    Dex: 21    Spells: 10/18 levels left

rFire    + + .     SeeInvis +   F - +0 halberd (flame)
rCold    . . .     Gourm    .   (shield currently unavailable)
rNeg     + + +     Faith    .   P - +1 robe of Nenut {Str+2 Int-2 Dex+8}
rPois    ∞         Spirit   .   (no helmet)
rElec    +         Reflect  .   b - +0 cloak
rCorr    +         Harm     .   (no gloves)
MR       +....                  (no barding)
Stlth    +++.......             (no amulet)
HPRegen  0.23/turn              i - ring of fire
MPRegen  0.20/turn              D - ring of magical power

@: resistant, petrified, marked, very slow
A: large, see invisible, deformed body, poison resistance, slowness 2, slow
metabolism 1, spit poison 1, AC +3
a: Spit Poison, Bend Time, Renounce Religion


You were on level 10 of the Dungeon.
You worshipped Cheibriados.
Cheibriados was aware of your devotion.
You were very hungry.

You visited 2 branches of the dungeon, and saw 11 of its levels.

You collected 488 gold pieces.
You spent 68 gold pieces at shops.

Inventory:

Hand Weapons
 r - a +3 hunting sling
 y - the +3 spear of Purpose {freeze, rElec Int-5 Stlth+}
   (You found it on level 6 of the Dungeon)

   It has been specially enchanted to freeze those struck by it, causing extra
   injury to most foes and up to half again as much damage against particularly
   susceptible opponents.
   It can also slow down cold-blooded creatures.
   It affects your intelligence (-5).
   It insulates you from electricity.
   It makes you more stealthy.
 C - a +1 trident
 F - a +0 halberd of flaming (weapon)
Missiles
 h - 103 arrows
 j - 77 sling bullets
 k - 55 poisoned needles
 l - 304 stones (quivered)
 m - 58 bolts
 v - 13 tomahawks
 N - 8 needles of confusion
Armour
 a - a +0 robe
 b - a +0 cloak (worn)
 P - the +1 robe of Nenut (worn) {Str+2 Int-2 Dex+8}
   (You found it on level 9 of the Dungeon)

   It affects your strength (+2).
   It affects your intelligence (-2).
   It affects your dexterity (+8).
Magical Staves
 Q - an uncursed staff of earth {unknown}
Jewellery
 i - a ring of fire (left hand)
 D - a ring of magical power (right hand)
 G - an uncursed ring of flight
 K - an uncursed ring of see invisible
Wands
 H - a wand of iceblast (4)
Scrolls
 f - 3 scrolls of fog
 g - 4 scrolls of remove curse
 n - 4 scrolls of amnesia
 z - 2 scrolls of teleportation
 A - a scroll of silence
 B - 4 scrolls of identify
 E - a scroll of holy word {unknown}
 I - a scroll of enchant weapon
 J - a scroll of enchant armour {unknown}
 O - a scroll of fear
 S - a scroll of magic mapping
Potions
 d - 5 potions of curing
 e - 2 potions of haste
 o - 3 potions of agility
 p - a potion of flight
 q - a potion of brilliance
 s - a potion of might
 t - a potion of magic
 u - a potion of mutation
 M - a potion of lignification
Comestibles
 c - 9 rations
 R - 6 chunks of flesh


   Skills:
 + Level 11.4 Polearms
 + Level 7.4 Dodging
 - Level 3.0 Stealth
 - Level 4.0 Spellcasting
 - Level 6.0 Conjurations
 - Level 6.0 Fire Magic


You had 10 spell levels left.
You knew the following spells:

 Your Spells              Type           Power        Failure   Level  Hunger
a - Flame Tongue          Conj/Fire      #####        1%          1    None
b - Conjure Flame         Conj/Fire      #####...     3%          3    ###....
c - Sticky Flame          Conj/Fire      #####...     12%         4    ####...

Your spell library contained the following spells:

 Spells                   Type           Power        Failure   Level  Hunger
 Throw Flame              Conj/Fire      #####.       1%          2    ##.....
 Dazzling Spray           Conj/Hex       ###...       12%         3    ###....
 Inner Flame              Hex/Fire       ###.....     12%         3    ###....
 Confusing Touch          Hex            #.....       14%         1    None
 Infusion                 Chrm           #...         14%         1    None
 Summon Small Mammal      Summ           #...         14%         1    None
 Call Imp                 Summ           #.......     21%         2    ##.....
 Fireball                 Conj/Fire      #####.....   32%         5    ######.
 Call Canine Familiar     Summ           #.......     38%         3    ###....
 Confuse                  Hex            #.......     38%         3    ###....
 Gell's Gravitas          Tloc           #.........   38%         3    ###....
 Summon Guardian Golem    Hex/Summ       #.......     38%         3    ###....
 Petrify                  Tmut/Erth      #.......     80%         4    ####...
 Summon Ice Beast         Ice/Summ       #.......     80%         4    ####...
 Summon Lightning Spire   Summ/Air       #.......     80%         4    ####...
 Metabolic Englaciation   Hex/Ice        #.........   98%         5    ######.
 Silence                  Hex/Air        #.........   98%         5    ######.
 Summon Mana Viper        Hex/Summ       #.......     98%         5    ######.
 Yara's Violent Unravell  Hex/Tmut       #.........   98%         5    ######.
 Deflect Missiles         Chrm/Air       #.........   100%        6    #######


Dungeon Overview and Level Annotations

Branches:
Dungeon (10/15)            Temple (1/1) D:7            Lair (0/6) D:8
    Orc (0/2) D:9

Altars:
Ashenzari
Cheibriados
Dithmenos
Elyvilon
Fedhas
Gozag
Hepliaklqana
Kikubaaqudgha
Makhleb
Nemelex Xobeh
Okawaru
Qazlal
Ru
Sif Muna
Trog
Uskayaw
Vehumet
Wu Jian
Xom
Yredelemnul
Zin
The Shining One

Shops:
D:8 *   D:9 *

Annotations:
D:8 exclusion: door
D:9 1 runed door, phyphor's ghost, novice SpEn


Innate Abilities, Weirdness & Mutations

You cannot wear boots.
Your serpentine skin is tough. (AC +3)
You have supernaturally acute eyesight. (SInv)
Armour fits poorly on your strangely shaped body.
Your system is resistant to poisons. (rPois)
You cover ground very slowly.
You have a slow metabolism.
You can spit poison.


Message History

The orange demon stings you but does no damage.
The crimson imp hits you but does no damage.
The iguana hisses menacingly.
The iguana bites you but does no damage.
The catoblepas gores you!!
* * * LOW HITPOINT WARNING * * *
The orange demon stings you but does no damage.
You feel less wooden.
Your +0 cloak unmelds from your body.
The +1 robe of Nenut {Str+2 Int-2 Dex+8} unmelds from your body.
The crimson imp hits you but does no damage.
The iguana bites you. The catoblepas gores you!!
* * * LOW HITPOINT WARNING * * *
The orange demon stings you from afar.
The crimson imp blinks!
The iguana bites you but does no damage.
The catoblepas gores you!
* * * LOW HITPOINT WARNING * * *
The orange demon stings you from afar!
You die...

#.## ####.........
...###.......##..# .
.......##....#..###.. #
#.#........[.#...(.. ..
#...####........... ...
...####.........## ..5.
...............44##.....
#.#..##...[..$.l.Y......
#..#............@#.#...#
##..###.........§..# #
##)# #......(.....# #
#.# #.....(.....##
###)###........#....
>.)...#..###.#.#.....
##......## #.#.#.......
#......# #.#.........
#....#... .. ......>


You could see a catoblepas, 2 orange demons, an iguana and a crimson imp.

Vanquished Creatures
  Harold (D:10)
  A two-headed ogre (D:8)
  Pikel (D:7)
  An orange demon (D:10)
  A hornet (D:8)
  2 hippogriffs
  Sigmund (D:6)
  2 hungry ghosts
  A water moccasin (D:9)
  A black bear (D:8)
  An orc warrior (D:9)
  2 ice beasts
  4 sky beasts
  4 phantoms
  3 ogres
  A crocodile (D:8)
  2 big kobolds
  6 bullfrogs
  A gnoll sergeant (D:9)
  A water moccasin zombie (D:5)
  A scorpion (D:4)
  9 killer bees
  3 wights (D:10)
  2 vampire bats (D:9)
  2 howler monkeys (D:8)
  4 crimson imps
  2 bullfrog zombies
  5 hounds
  2 jellies
  3 orc priests
  6 bullfrog skeletons
  4 iguanas
  Natasha (thrice) (D:3)
  6 orc wizards
  10 worker ants
  A killer bee zombie (D:5)
  3 hound skeletons
  5 gnolls
  13 adders
  4 shadow imps
  2 oozes
  An adder zombie (D:7)
  2 adder skeletons
  6 worms
  5 dart slugs
  5 leopard geckos
  25 orcs
  5 ball pythons
  2 bat skeletons (D:9)
  2 bat zombies (D:9)
  9 giant cockroaches
  7 goblins
  8 hobgoblins
  15 jackals
  5 quokkas
  7 bats
  16 frilled lizards
  A jackal skeleton (D:4)
  33 kobolds
  A leopard gecko zombie (D:5)
  A quokka skeleton (D:6)
  9 rats
292 creatures vanquished.

Vanquished Creatures (others)
  An iguana (D:7)
  5 plants (D:9)
6 creatures vanquished.

Grand Total: 298 creatures vanquished

Notes
Turn   | Place    | Note
-------+----------+-------------------------------------------
     0 | D:1      | MisterFreud the Naga Fire Elementalist began the quest for
                  | the Orb.
     0 | D:1      | Reached XP level 1. HP: 15/15 MP: 3/3
    75 | D:1      | Reached XP level 2. HP: 19/22 MP: 0/5
   745 | D:1      | Reached XP level 3. HP: 28/28 MP: 3/6
   936 | D:1      | Learned a level 3 spell: Conjure Flame
  1382 | D:2      | Reached XP level 4. HP: 33/36 MP: 5/7
  2584 | D:3      | Reached XP level 5. HP: 33/42 MP: 4/8
  2590 | D:3      | Learned a level 4 spell: Sticky Flame
  2701 | D:3      | Found a shadowy altar of Dithmenos.
  2772 | D:3      | Reached skill level 5 in Conjurations
  2920 | D:3      | Noticed Natasha
  2923 | D:3      | Killed Natasha
  2979 | D:3      | Noticed Natasha
  2983 | D:3      | Killed Natasha
  3070 | D:3      | Noticed Natasha
  3086 | D:3      | Killed Natasha
  3086 | D:3      | Reached XP level 6. HP: 31/49 MP: 3/9
  3301 | D:4      | Noticed a phantom
  3532 | D:4      | Killed a phantom
  3532 | D:4      | Reached skill level 5 in Fire Magic
  3701 | D:4      | Reached XP level 7. HP: 55/55 MP: 6/10
  4510 | D:5      | Entered Level 5 of the Dungeon
  4589 | D:5      | Reached XP level 8. HP: 58/62 MP: 3/13
  4997 | D:5      | Reached skill level 1 in Polearms
  5183 | D:5      | Reached skill level 2 in Polearms
  5310 | D:5      | Reached skill level 3 in Polearms
  5698 | D:5      | Reached skill level 4 in Polearms
  6269 | D:5      | Reached skill level 5 in Polearms
  6445 | D:6      | Reached skill level 6 in Polearms
  6449 | D:6      | Identified the Guide on Ensnaring Protection
  6459 | D:6      | Found a sacrificial altar of Ru.
  6474 | D:6      | Reached XP level 9. HP: 61/68 MP: 8/15
  6516 | D:6      | Noticed Sigmund
  6529 | D:6      | Killed Sigmund
  6641 | D:6      | Got a transparent spear
  6642 | D:6      | Identified the cursed +3 spear of Purpose {freeze, rElec
                  | Int-5 Stlth+} (You found it on level 6 of the Dungeon)
  7325 | D:6      | Found a shadowy altar of Dithmenos.
  7531 | D:7      | Reached skill level 5 in Dodging
  7880 | D:7      | Found a staircase to the Ecumenical Temple.
  7880 | D:7      | Noticed Pikel
  7896 | D:8      | Found a staircase to the Lair.
  8768 | D:7      | Killed Pikel
  8768 | D:7      | Reached skill level 8 in Polearms
  8768 | D:7      | Reached XP level 10. HP: 44/75 MP: 16/16
  8910 | Temple   | Entered the Ecumenical Temple
  9552 | D:8      | Reached skill level 9 in Polearms
 10352 | D:8      | Found Xobes's Mayhem Merchandise.
 10429 | D:8      | Noticed a two-headed ogre
 10437 | D:8      | Killed a two-headed ogre
 10437 | D:8      | Reached skill level 10 in Polearms
 10801 | D:9      | Found a snail-covered altar of Cheibriados.
 10823 | D:9      | Became a worshipper of Cheibriados the Contemplative
 10840 | D:9      | Found a runed door.
 10841 | D:9      | Noticed phyphor's ghost (novice SpEn)
 10842 | D:9      | Identified the +5 trident of Seugez {freeze, rF+++ rN+ MR+
                  | Str+3}
 10893 | D:9      | Found a staircase to the Orcish Mines.
 11042 | D:9      | Found Estroulu's Assorted Antiques.
 11049 | D:9      | Bought a bubbling grey potion for 32 gold pieces
 11049 | D:9      | Bought a scroll labeled TEHATE ZEFOPAT for 36 gold pieces
 11322 | D:9      | Found an ancient bone altar of Kikubaaqudgha.
 11325 | D:9      | Reached * piety under Cheibriados
 11335 | D:9      | Got a ripped robe
 11346 | D:9      | Identified the +1 robe of Nenut {Str+2 Int-2 Dex+8} (You
                  | found it on level 9 of the Dungeon)
 11582 | D:10     | Entered Level 10 of the Dungeon
 11592 | D:10     | Reached skill level 11 in Polearms
 11654 | D:10     | Reached XP level 11. HP: 68/81 MP: 17/17
 11701 | D:10     | Noticed Harold
 11727 | D:10     | Killed Harold
 11727 | D:10     | Noticed a catoblepas
 11745 | D:10     | HP: 3/81 [catoblepas (4)]
 11745 | D:10     | Slain by an orange demon

Vault maps used:
D:1:      ncdulo_watergridlock, minmay_pentomino_q4
D:2:      minmay_lizard_king
D:3:      grunt_dithmenos_smoke, uniq_natasha
D:4:      portal_sewer_entry_e
D:5:      first_ration
D:6:      kennysheep_kobold_camp, lemuel_round_altar, old_standard_altar,
          ebering_dispersal_statue_hall, kennysheep_generic_room_7, uniq_sigmund
D:7:      minmay_temple_entry_glassed_door, enter_bailey_8, uniq_pikel
D:8:      lair_entry_dummy, grunt_livestock, minmay_shop_mayhem,
          grunt_ministairs_9, minmay_misc_feat_columns
D:9:      kennysheep_vampire_church, cheibriados_altar_1, orc_0_dummy,
          serial_shops, shop, ebering_ghost_funeral_grove
D:10:     minmay_beelzebubs_servants, uniq_harold
Temple:   dpeg_five_rooms_temple

Skill      XL: |  1  2  3  4  5  6  7  8  9 10 11 |
---------------+----------------------------------+-----
Conjurations   | 2 3 4 5 6 |  6.0
Fire Magic     | 4 5 6 |  6.0
Spellcasting   | 3 4 |  4.0
Polearms       | 6 8 11 | 11.4
Dodging        | 2 6 7 |  7.4
Stealth        | |  3.0

Action                   |  1- 3 |  4- 6 |  7- 9 | 10-12 || total
-------------------------+-------+-------+-------+-------++-------
Melee: Spear             |    14 |    65 |     9 |       ||    88
       Trident           |       |       |   322 |    98 ||   420
       Halberd           |       |       |       |   162 ||   162
 Cast: Flame Tongue      |    32 |    51 |    66 |    19 ||   168
       Conjure Flame     |       |     6 |     2 |     4 ||    12
       Sticky Flame      |       |       |    38 |    36 ||    74
 Abil: Spit Poison       |    32 |    57 |    41 |    19 ||   149
Evoke: Wand              |       |       |       |     5 ||     5
       Phantom mirror    |       |       |       |     1 ||     1
  Use: Scroll            |     3 |     6 |    14 |     3 ||    26
       Potion            |       |       |       |     4 ||     4
 Stab: Sleeping          |     1 |     3 |     7 |     8 ||    19
  Eat: Chunk             |     2 |    12 |    15 |    16 ||    45
       Ration            |       |       |     4 |     1 ||     5
Armor: Robe              |     6 |     9 |   103 |    54 ||   172
       Skin              |       |       |       |    36 ||    36
Dodge: Dodged            |    21 |    26 |   164 |   145 ||   356

Table legend:
 A = Non-vault XP
 B = Vault XP
 C = Vault XP percentage of total XP
 D = Non-vault monster count
 E = Vault monster count
 F = Vault count percentage of total count
                 A         B        C        D         E       F
            +---------+---------+-------+---------+---------+-------
      Total |    7757 |    3070 |  28.4 |     233 |      59 |  20.2
            +---------+---------+-------+---------+---------+-------
        D:1 |      52 |      10 |  16.1 |      31 |       4 |  11.4
        D:2 |      66 |       9 |  12.0 |      21 |       7 |  25.0
        D:3 |     209 |      35 |  14.3 |      23 |       1 |   4.2
        D:4 |     705 |      21 |   2.9 |      25 |       8 |  24.2
        D:5 |    1013 |       0 |   0.0 |      29 |       0 |   0.0
        D:6 |     534 |     481 |  47.4 |      11 |      23 |  67.6
        D:7 |    1018 |     607 |  37.4 |      29 |       1 |   3.3
        D:8 |    2762 |     236 |   7.9 |      37 |       4 |   9.8
        D:9 |     875 |     227 |  20.6 |      22 |       9 |  29.0
       D:10 |     523 |    1444 |  73.4 |       5 |       2 |  28.6
            +---------+---------+-------+---------+---------+-------
